Map: Inside and Out

Players

soO

  • Race: Zerg Zerg
  • Spawn Location: 7:00

Gerald - Winner!

  • Race: Protoss Protoss
  • Spawn Location: 1:00

Event: DreamHack SC2 Masters 2022 Atlanta (Offline)

VOD

Have the link to the VOD?

Description

Time

  • Played on: Nov. 18, 2022, 7:13 p.m.
  • Length: 24:41

All games in this series

Show
View Real Time Build Order
Export as new Build Order

soO Zerg 

Build Orders: Hatch First, Lurkers 

Get SALT Encoding   

  12  0:00  Drone  
  13  0:11  Overlord  
  13  0:16  Drone  
  14  0:30  Drone x2  
  16  0:42  Drone  
  17  0:51  Hatchery  
  17  0:53  Drone  
  17  0:56  Drone  
  18  1:08  Extractor  
  17  1:12  Spawning Pool  
  17  1:15  Drone  
  17  1:19  Drone  
  18  1:27  Drone  
  19  1:38  Drone  
  20  1:49  Overlord  
  20  1:59  Queen  
  22  2:02  Queen  
  22  2:03  Zergling x4  
  26  2:10  Drone  
  26  2:12  Metabolic Boost  
  26  2:13  Drone  
  28  2:20  Drone  
  29  2:25  Drone  
  30  2:32  Drone  
  31  2:37  Drone  
  31  2:40  Hatchery  
  31  2:45  Queen  
  31  2:50  Overlord  
  33  2:52  Drone  
  33  2:55  Drone  
  33  2:56  Drone  
  35  3:08  Queen  
  37  3:13  Spore Crawler  
  37  3:14  Drone x3  
  37  3:15  Drone  
  41  3:20  Drone, Overlord  
  41  3:27  Zergling x2  
  43  3:33  Spore Crawler  
  42  3:42  Zergling x4  
  42  3:45  Drone x2  
  42  3:48  Drone  
  44  3:53  Zergling x6  
  44  3:55  Queen  
  49  3:59  Drone x5  
  54  4:04  Queen  
  54  4:08  Drone x2  
  58  4:15  Overlord  
  58  4:16  Overlord  
  58  4:19  Overlord  
  58  4:23  Overlord  
  57  4:26  Drone  
  57  4:28  Spore Crawler  
  58  4:31  Drone  
  58  4:34  Spore Crawler  
  54  4:46  Zergling x10  
  54  4:47  Zergling x6, Drone  
  54  4:48  Drone x2  
  54  4:50  Drone  
  54  4:51  Evolution Chamber  
  64  4:57  Drone x2  
  66  5:04  Drone x2  
  66  5:05  Drone  
  66  5:06  Drone x4  
  71  5:07  Drone  
  71  5:13  Overlord  
  72  5:14  Drone  
  72  5:15  Lair  
  72  5:23  Drone x4  
  72  5:25  Drone  
  72  5:26  Drone  
  78  5:28  Baneling Nest  
  78  5:29  Drone  
  78  5:31  Extractor  
  78  5:32  Extractor  
  78  5:33  Drone x2  
  78  5:35  Zergling x4  
  77  5:37  Drone  
  77  5:40  Spore Crawler  
  77  5:44  Drone x2  
  77  5:46  Drone  
  80  5:52  Drone  
  80  5:53  Hatchery  
  80  5:54  Drone  
  80  5:56  Baneling Nest  
  80  6:00  Drone x5  
  80  6:01  Drone x2  
  80  6:03  Extractor  
  85  6:04  Zergling x4, Extractor  
  82  6:11  Zergling x4  
  82  6:15  Drone  
  82  6:17  Drone x2  
  85  6:20  Drone x4  
  85  6:23  Drone x2  
  89  6:28  Zergling x4  
  89  6:32  Drone x2  
  90  6:33  Drone x2  
  90  6:39  Drone  
  92  6:41  Hydralisk Den  
  92  6:43  Hatchery  
  92  6:45  Overlord  
  90  6:50  Drone x3  
  93  6:56  Overlord x2  
  93  7:00  Overlord  
  93  7:01  Overlord  
  93  7:03  Overlord  
  93  7:07  Drone  
  93  7:08  Drone  
  95  7:10  Zerg Melee Weapons Level 1  
  95  7:11  Grooved Spines, Hydralisk x4  
  95  7:15  Drone x4  
  107  7:18  Hydralisk x3  
  111  7:26  Hydralisk  
  111  7:27  Hydralisk x4  
  119  7:32  Infestation Pit  
  119  7:36  Drone x2  
  119  7:38  Zergling x14  
  119  7:39  Extractor  
  119  7:42  Drone  
  125  7:44  Evolution Chamber  
  125  7:50  Zergling x10  
  129  7:53  Zergling x2  
  129  7:57  Drone x4  
  134  7:59  Centrifugal Hooks  
  134  8:01  Zergling x10  
  139  8:09  Overseer  
  139  8:11  Queen, Overlord  
  139  8:12  Spore Crawler, Drone  
  141  8:14  Hive  
  141  8:19  Lurker Den  
  136  8:21  Hydralisk x2  
  136  8:22  Zergling x10  
  136  8:24  Hatchery  
  144  8:27  Drone  
  142  8:35  Zergling x28  
  152  8:41  Baneling x11  
  146  8:50  Zergling x2  
  141  8:56  Drone x2  
  141  9:02  Zergling x14  
  150  9:03  Overlord  
  150  9:05  Overlord  
  150  9:06  Overlord  
  150  9:07  Zerg Melee Weapons Level 2  
  150  9:08  Zerg Missile Weapons Level 1  
  150  9:20  Overlord  
  150  9:22  Zergling x16, Overseer  
  158  9:26  Overlord  
  158  9:28  Seismic Spines  
  158  9:29  Muscular Augments  
  158  9:33  Overlord  
  158  9:35  Zergling x16  
  158  9:48  Lurker x3  
  158  9:49  Zergling x28  
  160  10:02  Adrenal Glands  
  160  10:05  Drone x3  
  160  10:06  Drone x3  
  161  10:10  Lurker x2  
  161  10:13  Zergling x30  
  177  10:24  Baneling x10  
  177  10:25  Adaptive Talons  
  177  10:27  Overlord x3  
  177  10:29  Baneling x3  
  164  10:44  Overseer  
  164  10:45  Queen  
  166  10:54  Lurker  
  166  10:55  Zergling x36, Lurker x2  
  187  11:11  Extractor x2  
  184  11:12  Hydralisk x2  
  184  11:13  Zergling x2, Hydralisk x2  
  184  11:14  Zergling x22  
  197  11:19  Spore Crawler  
  196  11:30  Baneling x3  
  196  11:31  Baneling x11  
  186  11:40  Zerg Melee Weapons Level 3  
  184  11:48  Zergling x32  
  182  12:03  Zergling x4  
  182  12:07  Hydralisk x4  
  182  12:08  Zergling x12  
  186  12:14  Zergling x24  
  184  12:23  Hydralisk  
  184  12:24  Zergling x18, Hydralisk  
  184  12:26  Queen  
  196  12:34  Hydralisk  
  183  12:37  Hydralisk x2  
  183  12:38  Zergling x12  
  186  12:49  Spire  
  183  12:54  Drone  
  183  12:55  Drone  
  179  13:13  Spore Crawler  
  179  13:14  Spore Crawler x2  
  179  13:17  Drone x4  
  180  13:25  Spore Crawler x2  
  180  13:26  Spore Crawler x2  
  169  13:27  Spore Crawler  
  169  13:28  Spore Crawler x3  
  169  13:33  Zerg Missile Weapons Level 2, Spire  
  163  13:36  Drone x2  
  163  13:40  Spore Crawler  
  159  13:42  Zergling x22  
  159  13:45  Drone  
  161  13:52  Drone x2  
  163  13:56  Spore Crawler  
  163  13:57  Spore Crawler x2, Zergling x30  
  163  14:00  Overseer  
  175  14:12  Spore Crawler x3  
  167  14:25  Lurker  
  167  14:26  Lurker x2  
  155  14:50  Baneling x6  
  151  14:56  Zerg Flyer Weapons Level 1  
  149  15:03  Drone, Pneumatized Carapace  
  149  15:04  Drone x5  
  149  15:07  Spore Crawler x2  
  145  15:09  Spore Crawler  
  145  15:12  Zerg Ground Armor Level 1  
  143  15:20  Zergling x2  
  143  15:21  Zergling x32  
  160  15:28  Zergling x32  
  173  15:38  Viper x2  
  173  15:41  Overseer x2  
  161  16:07  Zergling x34  
  178  16:18  Hydralisk x2  
  166  16:19  Zergling x34  
  166  16:22  Drone x2  
  166  16:23  Spore Crawler  
  166  16:24  Spore Crawler, Baneling  
  166  16:25  Baneling x8  
  152  16:48  Corruptor x9  
  152  16:49  Corruptor x5  
  169  16:54  Spore Crawler  
  169  16:55  Spore Crawler  
  158  17:04  Viper x2  
  158  17:06  Queen x2  
  161  17:30  Zergling x34  
  161  17:31  Overseer  
  173  18:04  Zergling x2  
  173  18:05  Zergling x32, Baneling x2  
  190  18:06  Baneling x4  
  190  18:10  Spore Crawler x2  
  190  18:11  Overlord  
  176  18:16  Overseer  
  176  18:18  Spore Crawler  
  176  18:19  Spore Crawler, Overseer  
  165  18:20  Spore Crawler  
  164  18:34  Lurker x6  
  170  18:37  Zergling x32  
  170  18:40  Zerg Flyer Weapons Level 2  
  168  19:20  Overseer  
  168  19:21  Overseer  
  160  19:35  Zergling x46  
  178  19:38  Overlord  
  177  19:48  Drone x2  
  179  19:54  Baneling x15  
  179  20:06  Corruptor x9  
  179  20:07  Corruptor  
  172  20:08  Overseer x2  
  191  20:38  Zergling x16  
  192  21:02  Baneling x10  
  186  21:09  Zergling x2  
  186  21:10  Zergling x20  
  183  21:25  Hatchery  
  183  21:29  Zergling x2  
  183  21:30  Zergling x28  
  188  21:40  Zergling x8  
  188  21:41  Zergling x2  
  169  21:58  Zergling x28  
  173  22:41  Hatchery  
  166  23:19  Hydralisk x7  
  166  23:48  Lurker x3  
  166  23:49  Lurker x4  
  138  24:15  Overseer  
Show
View Real Time Build Order
Export as new Build Order

Gerald Protoss - Winner!

Build Orders: 1 Gate Expand, Double Forge, Oracle Opening, Carriers, Zealot Archon 

Get SALT Encoding   

  12  0:00  Probe  
  13  0:12  Probe  
  14  0:19  Pylon  
  14  0:24  Probe  
  15  0:37  Probe (Chrono Boost)  
  15  0:39  Gateway  
  16  0:48  Probe (Chrono Boost)  
  16  0:49  Assimilator  
  17  0:53  Probe (Chrono Boost)  
  18  1:03  Probe  
  19  1:15  Probe  
  20  1:27  Nexus  
  20  1:30  Probe  
  21  1:40  Cybernetics Core  
  21  1:42  Probe  
  22  1:48  Assimilator  
  22  1:53  Pylon  
  22  1:55  Probe  
  23  2:11  Probe  
  23  2:13  Adept (Chrono Boost)  
  24  2:22  Stargate  
  26  2:23  Probe  
  27  2:33  Adept (Chrono Boost)  
  27  2:35  Probe  
  30  2:37  Warp Gate  
  30  2:41  Probe  
  31  2:47  Probe  
  32  2:53  Probe  
  32  2:55  Stalker  
  35  2:59  Probe  
  36  3:06  Probe  
  36  3:10  Pylon  
  36  3:12  Probe  
  38  3:16  Oracle (Chrono Boost)  
  38  3:18  Probe  
  42  3:24  Probe  
  43  3:27  Gateway  
  43  3:30  Probe  
  44  3:36  Probe  
  45  3:42  Probe  
  45  3:48  Probe  
  43  3:50  Nexus  
  43  3:52  Oracle (Chrono Boost), Pylon  
  46  3:58  Probe  
  46  4:00  Assimilator  
  47  4:03  Assimilator  
  47  4:04  Probe  
  48  4:10  Probe  
  48  4:16  Probe, Pylon  
  50  4:22  Probe  
  50  4:25  Adept  
  50  4:26  Adept  
  50  4:28  Probe  
  55  4:34  Forge, Probe  
  55  4:35  Forge  
  56  4:40  Probe  
  57  4:46  Probe  
  57  4:47  Adept  
  57  4:48  Adept  
  57  4:52  Probe  
  63  4:53  Twilight Council  
  63  4:54  Pylon  
  63  4:58  Probe  
  63  4:59  Pylon  
  64  5:02  Probe  
  64  5:04  Probe  
  66  5:09  Adept x2  
  66  5:10  Probe  
  71  5:14  Probe  
  71  5:16  Probe  
  71  5:20  Shield Battery  
  73  5:22  Protoss Ground Weapons Level 1 (Chrono Boost), Protoss Ground Armor Level 1 (Chrono Boost)  
  73  5:23  Probe  
  73  5:26  Probe  
  75  5:28  Pylon  
  75  5:31  Probe  
  76  5:37  Pylon  
  76  5:41  Probe (Chrono Boost)  
  77  5:43  Probe x2 (Chrono Boost)  
  77  5:45  Blink  
  79  5:52  Adept x2  
  79  5:53  Probe (Chrono Boost)  
  79  5:55  Probe x2 (Chrono Boost)  
  79  5:56  Gateway  
  79  5:57  Gateway  
  86  6:01  Gateway  
  86  6:07  Assimilator  
  86  6:11  Assimilator  
  86  6:14  Probe  
  86  6:17  Probe  
  86  6:19  Probe  
  86  6:20  Gateway  
  86  6:22  Gateway  
  87  6:26  Probe, Stalker x2  
  87  6:32  Nexus  
  84  6:37  Probe  
  83  6:40  Templar Archives, Pylon  
  83  6:41  Probe  
  83  6:43  Probe  
  83  6:44  Pylon  
  85  6:51  Probe, Stalker x2  
  85  6:53  Probe, Pylon  
  91  6:57  Probe  
  92  7:01  Gateway  
  92  7:02  Gateway  
  92  7:04  Stalker  
  92  7:05  Stalker x2  
  92  7:07  Probe  
  99  7:13  Gateway  
  99  7:14  Gateway  
  99  7:17  Probe  
  100  7:24  Protoss Ground Armor Level 2 (Chrono Boost)  
  100  7:26  Probe  
  100  7:28  High Templar x6  
  100  7:29  Stalker  
  112  7:31  Protoss Ground Weapons Level 2 (Chrono Boost)  
  112  7:32  Charge  
  112  7:33  Archon  
  112  7:34  Archon x2  
  112  7:35  Photon Cannon  
  112  7:37  Shield Battery  
  112  7:39  Probe  
  112  7:43  Probe  
  114  7:45  Probe x2  
  114  7:47  Pylon  
  114  7:50  Assimilator  
  116  7:55  Stalker  
  116  7:56  Probe x2  
  116  7:57  Probe  
  121  7:59  Pylon  
  121  8:02  Stalker x3  
  121  8:04  Stalker  
  128  8:09  Probe  
  129  8:21  Probe  
  129  8:22  Stalker  
  129  8:26  Probe, Assimilator  
  133  8:29  Stalker, Pylon  
  133  8:30  Stalker x7  
  133  8:32  Psionic Storm  
  146  8:36  Probe  
  147  8:42  Probe  
  146  8:52  Probe  
  143  8:56  High Templar x2  
  143  8:58  Probe  
  143  9:00  Pylon  
  143  9:01  Zealot x2  
  143  9:02  Zealot x4, Oracle (Chrono Boost)  
  161  9:10  Nexus  
  161  9:12  Pylon  
  161  9:14  Pylon  
  161  9:20  High Templar  
  161  9:21  Probe, High Templar  
  166  9:25  Photon Cannon  
  166  9:27  Pylon  
  166  9:28  Zealot x5  
  166  9:29  Zealot x2  
  180  9:36  Gateway  
  180  9:37  Oracle  
  183  9:43  Protoss Ground Armor Level 3 (Chrono Boost), Probe  
  183  9:44  Protoss Ground Weapons Level 3 (Chrono Boost)  
  174  9:45  Probe  
  174  9:48  Probe  
  172  9:53  Stalker x4  
  172  9:57  Gateway  
  172  9:58  Probe  
  172  9:59  Pylon  
  181  10:06  Zealot x4  
  175  10:26  Fleet Beacon  
  175  10:27  Stargate  
  175  10:28  Protoss Air Weapons Level 1 (Chrono Boost)  
  175  10:32  Stargate  
  175  10:34  Stalker x7  
  179  10:43  Zealot x5  
  179  10:45  Photon Cannon  
  189  11:18  Carrier x3 (Chrono Boost)  
  193  11:41  Stalker x3  
  199  11:57  Gateway  
  194  12:05  Zealot x8  
  196  12:13  Mothership  
  196  12:15  Carrier x2  
  186  12:16  Protoss Shields Level 1 (Chrono Boost)  
  186  12:19  Zealot  
  186  12:20  Zealot x2  
  186  12:21  Probe  
  196  12:27  Gateway  
  196  12:30  Zealot x2  
  184  12:45  Zealot  
  184  12:50  Pylon  
  182  12:51  Pylon  
  172  12:59  Nexus  
  172  13:05  Protoss Air Weapons Level 2 (Chrono Boost), Pylon  
  172  13:11  Pylon  
  178  13:14  Zealot x5  
  178  13:16  Nexus  
  178  13:18  Carrier (Chrono Boost)  
  187  13:22  Pylon  
  185  13:31  Zealot x3  
  185  13:32  Zealot x3  
  197  13:36  Pylon  
  197  13:40  Assimilator  
  189  13:42  Assimilator  
  181  13:49  Carrier (Chrono Boost)  
  181  13:52  Nexus  
  181  13:55  Photon Cannon  
  193  13:57  Photon Cannon  
  193  13:59  Carrier (Chrono Boost)  
  193  14:00  Photon Cannon  
  193  14:01  Photon Cannon  
  193  14:03  Shield Battery  
  193  14:04  Shield Battery  
  193  14:05  Zealot x3  
  193  14:08  Pylon  
  197  14:19  Zealot  
  197  14:20  Zealot  
  197  14:29  Zealot  
  197  14:30  Zealot x2  
  199  14:32  Pylon  
  198  14:41  Zealot, Gateway  
  200  14:46  Gateway  
  200  14:47  Zealot  
  200  14:59  Protoss Shields Level 2 (Chrono Boost)  
  200  15:01  Photon Cannon  
  200  15:20  Protoss Air Weapons Level 3 (Chrono Boost)  
  193  15:22  Probe x2  
  189  15:47  Carrier (Chrono Boost)  
  178  16:04  Zealot x3  
  178  16:05  Zealot x8  
  196  16:34  Nexus  
  180  16:47  Carrier (Chrono Boost)  
  180  16:48  Carrier (Chrono Boost)  
  178  17:06  Zealot x2, Pylon  
  178  17:07  Zealot x9  
  200  17:19  Pylon  
  200  17:47  Protoss Shields Level 3  
  200  17:48  High Templar x3  
  200  17:50  High Templar  
  200  17:58  Protoss Air Armor Level 1 (Chrono Boost)  
  176  18:22  Assimilator  
  176  18:26  Photon Cannon  
  176  18:28  Photon Cannon  
  176  18:29  Shield Battery  
  176  18:30  Shield Battery  
  176  18:32  Carrier (Chrono Boost)  
  176  18:33  Photon Cannon  
  176  18:34  Pylon  
  188  18:42  Carrier (Chrono Boost), Assimilator  
  188  18:48  Zealot x3  
  186  18:51  Probe  
  186  18:52  Probe x2  
  187  19:02  Carrier  
  179  19:12  Zealot x7  
  193  19:17  Zealot x2  
  195  19:36  Tempest  
  198  19:44  Zealot x6  
  200  20:06  High Templar x5  
  200  20:07  High Templar x2  
  196  20:10  Protoss Air Armor Level 2 (Chrono Boost)  
  196  20:12  Nexus  
  196  20:14  Archon x2, Pylon  
  198  20:15  Archon  
  198  20:31  Mothership (Chrono Boost)  
  195  20:49  Zealot x2  
  199  20:55  Zealot x9  
  185  21:05  Probe (Chrono Boost)  
  185  21:10  Probe x2 (Chrono Boost)  
  185  21:11  Probe (Chrono Boost)  
  181  21:15  Probe (Chrono Boost)  
  181  21:16  Carrier x2  
  190  21:35  Zealot x4  
  190  21:46  Nexus  
  169  22:12  Probe  
  170  22:25  High Templar x11  
  192  22:30  Archon x4  
  190  22:38  Archon  
  180  22:47  Nexus  
  180  23:22  Pylon  
  177  23:41  Zealot x2  
  134  24:31  Zealot x4  
Tags
 
Add a new tag
Caveats
  • Supply blocks, unpowered buildings, or Contaminate may cause inaccurate times.
  • Supply counts are checked every 10 seconds.